Map: King of Braxis Station

Players

MrFercho

  • Race: Terran Terran
  • Spawn Location: 12:00

tigro

  • Race: Terran Terran
  • Spawn Location: 9:00

IA (Muy difícil)

  • Race: Zerg Zerg
  • Spawn Location: 7:00

IA (Más difícil)

  • Race: Zerg Zerg
  • Spawn Location: 3:00

IA (Muy difícil)

  • Race: Zerg Zerg
  • Spawn Location: 6:00

IA (Difícil)

  • Race: Protoss Protoss
  • Spawn Location: 11:00

IA (Difícil)

  • Race: Protoss Protoss
  • Spawn Location: 5:00

IA (Más difícil)

  • Race: Terran Terran
  • Spawn Location: 1:00

VOD

Have the link to the VOD?

Description

Time

  • Played on: March 22, 2020, 10:35 p.m.
  • Length: 10:40
Show
View Real Time Build Order
Export as new Build Order

MrFercho Terran 

Build Orders: Mech 

Get SALT Encoding   

  12  0:02  SCV  
  13  0:18  Supply Depot, SCV  
  14  0:29  Refinery  
  14  0:31  SCV  
  15  0:43  SCV  
  15  0:49  Engineering Bay  
  16  0:56  SCV  
  17  1:09  Barracks, SCV  
  18  1:21  Supply Depot  
  18  1:32  SCV  
  19  1:44  SCV  
  20  1:56  SCV  
  21  2:02  Factory  
  21  2:05  Refinery  
  21  2:09  Orbital Command  
  21  2:47  SCV  
  22  2:57  Starport  
  22  2:59  SCV  
  22  3:02  Hellion  
  25  3:07  Marine  
  26  3:23  Command Center, Hellion  
  26  3:25  Marine  
  29  3:33  Starport  
  29  3:35  SCV  
  30  3:43  Starport Tech Lab  
  30  3:44  Barracks Tech Lab  
  30  3:46  Factory Tech Lab  
  30  3:51  Terran Infantry Armor Level 1  
  30  3:54  SCV  
  31  4:06  SCV  
  32  4:15  Supply Depot  
  32  4:16  Starport Tech Lab  
  32  4:18  SCV  
  33  4:37  Supply Depot  
  33  4:44  Bunker  
  33  4:58  Hellion  
  35  5:01  Supply Depot  
  35  5:18  Bunker  
  35  5:20  Hellion  
  37  5:24  Supply Depot  
  37  5:39  Planetary Fortress  
  37  5:41  Hellion  
  39  5:51  Bunker, Unknown x2  
  39  5:57  Unknown  
  39  6:02  Hellion  
  41  6:15  Unknown  
  41  6:18  Missile Turret  
  41  6:23  Siege Tank  
  44  6:35  Sensor Tower  
  44  6:40  Missile Turret  
  40  7:02  Missile Turret  
  39  7:23  Missile Turret  
  39  7:30  Barracks  
  39  7:31  Barracks  
  39  7:43  Factory  
  39  7:46  Factory  
  39  7:48  Missile Turret  
  39  7:49  SCV  
  40  8:01  SCV  
  41  8:09  Missile Turret  
  41  8:13  SCV  
  41  8:15  Sensor Tower  
  41  8:19  Barracks  
  42  8:20  Barracks  
  42  8:25  SCV  
  40  8:31  Missile Turret  
  35  8:52  Missile Turret  
  35  8:54  Barracks Tech Lab x2  
  35  9:02  Factory Tech Lab  
  35  9:03  Factory Tech Lab  
  35  9:07  Banshee x2  
  41  9:13  Missile Turret  
  32  9:38  Siege Tank x3  
  38  9:50  Viking x2  
  38  9:52  Marauder x2, Marine x2  
  43  10:10  Marine  
  43  10:13  Marauder  
Show
View Real Time Build Order
Export as new Build Order

tigro Terran 

Build Orders:  

Get SALT Encoding   

  12  0:05  SCV  
  13  0:22  Supply Depot, SCV  
  14  0:34  SCV, Refinery  
  15  0:41  Refinery  
  15  0:46  SCV  
  16  0:58  Barracks  
  16  1:12  SCV  
  17  1:24  SCV  
  18  1:31  Supply Depot  
  18  1:36  SCV  
  19  1:46  Marine  
  20  1:49  SCV  
  21  2:01  SCV  
  22  2:04  Marine  
  23  2:10  Barracks  
  23  2:20  Supply Depot  
  23  2:22  Marine  
  24  2:40  Marine  
  25  2:45  Engineering Bay  
  25  2:58  Marine  
  26  2:59  Barracks Tech Lab  
  26  3:15  Marine  
  26  3:19  Combat Shield  
  27  3:20  Missile Turret  
  27  3:25  Terran Infantry Weapons Level 1  
  27  3:33  Marine  
  28  3:45  Factory, Orbital Command  
  28  3:51  Marine  
  29  4:05  Marauder  
  31  4:10  Barracks Tech Lab  
  31  4:27  Marauder  
  33  4:34  Missile Turret  
  33  4:35  Factory  
  33  4:38  Stimpack  
  33  4:50  Factory Tech Lab  
  33  5:02  Missile Turret  
  33  5:12  Infernal Pre-Igniter  
  33  5:19  Terran Infantry Armor Level 1  
  33  5:22  Missile Turret  
  33  5:28  Armory  
  33  6:11  Missile Turret  
  33  6:18  Concussive Shells, Terran Vehicle Weapons Level 1  
  33  6:31  Mag-Field Accelerator  
  33  6:35  Marine  
  33  6:37  Missile Turret  
  34  6:50  Factory Tech Lab  
  34  6:53  Marine  
  35  7:03  Marine  
  36  7:11  Marine  
  36  7:13  Hi-Sec Auto Tracking  
  37  7:21  Marine  
  38  7:28  Marine  
  39  7:58  Supply Depot  
  39  8:10  Neosteel Armor  
  39  8:12  Terran Vehicle And Ship Armor Level 1  
  39  8:19  Marine x2  
  41  8:37  Marine  
  41  8:38  Marauder  
  44  8:55  Marine  
  27  9:01  Siege Tank  
  30  9:26  Supply Depot, Missile Turret  
  30  9:34  Siege Tank  
  33  9:45  Siege Tank  
  36  9:48  Marauder  
  36  9:50  Marine  
  39  10:06  Siege Tank  
  36  10:08  Marine  
  36  10:09  Marauder  
Show
View Real Time Build Order
Export as new Build Order

IA (Muy difícil) Zerg 

Build Orders: 1 Base Baneling Bust, Pool First, Zergling Baneling 

Get SALT Encoding   

  12  0:01  Drone  
  13  0:12  Overlord  
  13  0:18  Drone  
  14  0:30  Drone x2  
  14  0:34  Drone  
  17  0:48  Spawning Pool  
  17  0:49  Drone  
  17  0:55  Drone  
  18  0:59  Extractor  
  17  1:06  Drone  
  18  1:17  Drone  
  19  1:27  Overlord  
  19  1:37  Queen  
  19  1:38  Zergling x2  
  22  1:49  Drone  
  22  1:50  Extractor  
  22  2:00  Drone  
  23  2:10  Drone  
  23  2:12  Queen  
  26  2:21  Drone  
  27  2:32  Zergling x2  
  28  2:43  Zergling x2  
  28  2:44  Drone  
  30  2:45  Overlord  
  30  2:49  Lair  
  30  3:03  Drone x2  
  30  3:05  Drone  
  33  3:08  Baneling Nest  
  32  3:15  Zergling x6  
  32  3:17  Drone  
  37  3:27  Drone  
  37  3:38  Drone  
  38  3:44  Overlord  
  38  3:50  Spire  
  38  3:51  Baneling x2, Drone  
  38  3:52  Baneling  
  38  3:53  Baneling x2  
  38  3:54  Baneling  
  38  3:55  Baneling  
  38  4:02  Zergling x6  
  41  4:05  Baneling  
  41  4:12  Overlord, Drone  
  41  4:13  Zergling x2, Drone  
  44  4:24  Drone  
  45  4:36  Drone  
  46  4:41  Overlord  
  46  4:43  Roach Warren  
  45  5:02  Hydralisk Den  
  45  5:04  Mutalisk  
  45  5:05  Baneling, Mutalisk  
  45  5:06  Zergling x2  
  49  5:09  Mutalisk  
  51  5:17  Baneling x2  
  51  5:18  Zergling x2, Overlord  
  51  5:19  Baneling  
  52  5:23  Baneling  
  52  5:24  Zergling x2  
  52  5:28  Baneling  
  53  5:29  Roach  
  55  5:38  Baneling, Hydralisk, Zergling x2  
  55  5:40  Roach  
  55  5:42  Roach  
  62  5:51  Roach  
  64  6:02  Overlord  
  64  6:06  Hydralisk  
  64  6:07  Roach  
  64  6:08  Roach  
  69  6:19  Hydralisk  
  69  6:24  Overlord  
  71  6:35  Hydralisk  
  71  6:36  Roach  
  71  6:37  Roach  
  77  6:46  Overlord  
  77  6:56  Hydralisk  
  79  7:04  Roach  
  79  7:05  Overlord, Roach  
  83  7:09  Roach  
  85  7:18  Overseer  
  85  7:19  Roach  
  87  7:29  Hydralisk  
  87  7:31  Baneling  
  87  7:33  Baneling, Zergling x2  
  87  7:34  Overlord  
  87  7:35  Zergling x2  
  91  7:41  Ravager  
  91  7:42  Zergling x2  
  93  7:53  Zergling x2  
  94  8:01  Zergling x2  
  94  8:02  Ravager, Roach  
  94  8:03  Zergling x2  
  94  8:04  Overlord  
  99  8:06  Baneling  
  99  8:09  Baneling  
  99  8:14  Baneling  
  99  8:15  Zergling x2  
  100  8:26  Roach  
  102  8:30  Overlord, Roach  
  102  8:31  Roach  
  106  8:38  Roach  
  107  8:48  Zergling x2  
  108  8:58  Overlord  
  108  8:59  Roach, Hydralisk  
  108  9:00  Roach, Evolution Chamber  
  113  9:10  Hydralisk  
  113  9:11  Evolution Chamber  
  113  9:16  Evolution Chamber  
  113  9:21  Drone  
  114  9:28  Roach  
  116  9:34  Infestation Pit  
  116  9:35  Drone  
  118  10:20  Overlord  
  120  10:37  Hatchery  
Show
View Real Time Build Order
Export as new Build Order

IA (Más difícil) Zerg 

Build Orders: 1 Base Baneling Bust, Pool Only 

Get SALT Encoding   

  12  0:01  Drone  
  13  0:11  Overlord  
  13  0:16  Drone  
  14  0:29  Drone x2  
  16  0:41  Spawning Pool  
  16  0:42  Drone  
  16  0:46  Drone  
  17  0:50  Extractor  
  17  0:54  Drone  
  17  1:05  Overlord  
  17  1:29  Queen  
  17  1:30  Zergling x2  
  20  1:33  Roach Warren  
  20  1:37  Drone  
  20  1:39  Extractor, Zergling x2  
  20  1:48  Drone  
  21  1:59  Drone  
  22  2:09  Overlord  
  22  2:20  Drone  
  23  2:31  Roach  
  23  2:36  Drone  
  26  2:41  Overlord, Roach  
  28  2:50  Roach  
  30  2:59  Roach  
  30  3:04  Overlord  
  32  3:09  Roach  
  34  3:18  Roach  
  36  3:24  Overlord  
  36  3:27  Roach  
  38  3:37  Roach  
  40  3:42  Drone  
  40  3:46  Roach  
  40  3:47  Drone  
  44  3:49  Drone  
  45  3:57  Roach  
  45  4:02  Baneling Nest  
  46  4:07  Drone, Evolution Chamber  
  46  4:11  Drone  
  46  4:12  Drone, Roach  
  50  4:19  Overlord  
  50  4:30  Drone  
  50  4:40  Zergling x2  
  50  4:43  Drone  
  50  4:44  Drone x2  
  56  4:53  Roach  
  56  5:03  Roach  
  58  5:14  Roach  
  60  6:25  Lair, Overlord  
  60  6:26  Zerg Melee Weapons Level 1, Zergling x2  
  60  6:31  Spore Crawler  
  60  6:33  Zergling x2, Metabolic Boost  
  60  6:34  Drone  
  60  6:36  Spore Crawler  
  61  6:40  Zergling x2  
  61  6:43  Overlord, Drone  
  63  6:54  Zergling x2  
  57  7:03  Zergling x2  
  57  7:04  Spine Crawler  
  57  7:05  Drone  
  51  7:10  Spine Crawler  
  51  7:12  Drone  
  49  7:22  Queen  
  49  7:24  Infestation Pit  
  49  7:25  Drone  
  49  7:28  Evolution Chamber  
  49  7:29  Overseer, Drone  
  51  7:30  Overseer  
  51  7:32  Hydralisk Den  
  51  7:33  Drone  
  51  7:35  Spire  
  50  7:37  Drone  
  51  7:53  Zerg Ground Armor Level 1  
  51  7:59  Burrow  
  51  8:00  Hydralisk  
  53  8:07  Hydralisk  
  58  8:20  Hydralisk, Zerg Missile Weapons Level 1  
  58  8:26  Hydralisk  
  65  9:31  Zergling x2  
  65  10:09  Overseer  
Show
View Real Time Build Order
Export as new Build Order

IA (Muy difícil) Zerg 

Build Orders: 1 Base Baneling Bust, Pool Only 

Get SALT Encoding   

  12  0:01  Drone  
  13  0:12  Overlord  
  13  0:17  Drone  
  14  0:30  Drone x2  
  16  0:42  Spawning Pool  
  15  0:43  Drone  
  15  0:47  Drone  
  17  1:18  Extractor  
  16  1:30  Queen  
  16  1:31  Zergling x4, Drone  
  21  1:41  Drone  
  22  1:50  Extractor  
  22  1:52  Drone  
  22  2:04  Overlord  
  22  2:22  Queen, Drone  
  25  2:24  Roach Warren, Drone  
  25  2:35  Drone  
  25  2:36  Drone  
  28  2:37  Drone x2  
  28  2:46  Overlord  
  28  2:58  Drone  
  29  3:07  Drone  
  29  3:08  Zergling x4  
  29  3:09  Drone  
  33  3:19  Lair  
  34  3:20  Drone  
  34  3:30  Roach  
  36  3:36  Overlord x2  
  36  3:44  Roach  
  38  3:54  Roach x2  
  42  4:03  Zergling x2  
  42  4:05  Zergling x4, Drone  
  46  4:15  Drone  
  47  4:26  Drone  
  48  4:34  Overlord, Drone, Roach  
  48  4:37  Overlord  
  48  4:38  Hydralisk Den  
  50  4:48  Drone  
  51  4:59  Roach  
  53  5:03  Ravager  
  53  5:04  Roach, Drone  
  53  5:05  Roach, Infestation Pit  
  58  5:08  Baneling Nest  
  58  5:12  Overlord  
  57  5:20  Ravager  
  58  5:23  Roach  
  60  5:31  Roach, Drone  
  60  5:32  Roach  
  60  5:33  Metabolic Boost  
  60  5:34  Overlord  
  65  5:45  Roach  
  67  5:53  Baneling  
  67  5:54  Baneling  
  67  5:55  Baneling, Hydralisk  
  69  5:59  Evolution Chamber  
  69  6:00  Infestor, Drone  
  69  6:04  Hydralisk  
  72  6:28  Zerg Melee Weapons Level 1  
  72  6:31  Infestor  
  74  6:35  Zergling x4  
  74  6:36  Baneling  
  74  6:37  Zergling x2, Overlord, Evolution Chamber  
  76  6:41  Baneling  
  76  6:46  Baneling, Zergling x2  
  77  6:50  Baneling  
  77  6:55  Baneling, Zergling x2  
  78  7:04  Hydralisk  
  80  7:16  Overseer  
  80  7:18  Baneling  
  80  7:22  Evolution Chamber  
  79  7:24  Roach  
  79  7:28  Roach  
  83  7:31  Zergling x2  
  83  7:32  Overlord  
  83  7:33  Baneling  
  84  7:37  Baneling  
  84  7:38  Zergling x2  
  84  7:41  Baneling  
  85  7:46  Baneling, Zergling x2  
  85  7:51  Baneling  
  86  7:56  Baneling, Zergling x2  
  86  7:57  Zergling x2  
  88  8:01  Roach  
  88  8:05  Roach  
  92  8:08  Overlord  
  92  8:17  Baneling  
  92  8:18  Baneling x2  
  92  8:19  Zergling x2  
  89  8:22  Zergling x2  
  89  8:23  Zergling x4  
  85  8:31  Zergling x2  
  82  8:40  Baneling  
  82  8:41  Zergling x2  
  80  8:42  Baneling  
  78  8:49  Baneling  
  78  8:50  Baneling  
  78  8:51  Zergling x2  
  78  8:52  Zergling x2  
  78  8:53  Zergling x2  
  78  8:54  Roach  
  81  9:03  Baneling x2  
  81  9:04  Zergling x2  
  82  9:14  Roach  
  84  9:20  Roach x2  
  84  9:21  Roach  
  90  9:26  Roach  
  81  9:32  Baneling  
  81  9:33  Baneling  
  81  9:37  Zergling x2  
  76  9:47  Overseer  
  76  9:48  Zergling x2  
  76  9:49  Zergling x4  
  76  9:50  Zergling x2  
  80  9:59  Zergling x2  
  74  10:09  Hydralisk  
  73  10:17  Zergling x2  
  73  10:18  Zergling x2  
  73  10:19  Roach  
  69  10:22  Zergling x2  
Show
View Real Time Build Order
Export as new Build Order

IA (Difícil) Protoss 

Build Orders:  

Get SALT Encoding   

  12  0:01  Probe  
  13  0:13  Probe  
  14  0:20  Pylon  
  14  0:25  Probe  
  15  0:34  Probe  
  16  0:42  Probe  
  16  0:47  Assimilator  
  17  0:51  Gateway  
  17  0:52  Probe  
  18  1:00  Pylon, Probe  
  19  1:18  Probe  
  20  1:39  Zealot  
  22  1:41  Gateway  
  22  1:44  Cybernetics Core  
  22  1:47  Assimilator  
  22  2:03  Pylon  
  22  2:12  Adept  
  24  2:24  Warp Gate  
  24  2:36  Zealot  
  26  2:44  Pylon  
  26  2:47  Stalker  
  28  3:04  Stalker  
  30  3:10  Probe  
  31  3:13  Stalker  
  33  3:22  Pylon, Probe  
  34  3:34  Stalker, Probe  
  34  3:40  Forge  
  37  3:46  Probe  
  37  3:48  Adept  
  40  3:58  Stalker, Probe  
  43  4:10  Probe  
  44  4:26  Stalker  
  46  6:13  Probe  
  46  6:17  Sentry  
  49  6:18  Protoss Ground Weapons Level 1  
  49  6:21  Gateway  
  49  6:22  Probe  
  49  6:27  Zealot  
  49  6:30  Pylon  
  51  6:35  Photon Cannon  
  51  6:38  Photon Cannon  
  51  6:40  Robotics Facility  
  51  6:41  Sentry  
  51  6:44  Stargate  
  53  6:47  Twilight Council  
  53  6:48  Probe  
  53  6:52  Forge, Zealot  
  56  6:56  Pylon  
  56  7:03  Protoss Ground Armor Level 1  
  56  7:27  Blink  
  56  7:29  Observer  
  57  7:43  Probe  
  57  7:50  Observer  
  58  8:36  Probe  
  58  9:33  Observer  
Show
View Real Time Build Order
Export as new Build Order

IA (Difícil) Protoss 

Build Orders:  

Get SALT Encoding   

  12  0:01  Probe  
  13  0:13  Probe  
  14  0:21  Pylon  
  14  0:25  Probe  
  15  0:35  Probe  
  16  0:43  Probe  
  16  0:49  Assimilator  
  17  0:52  Gateway  
  17  0:53  Probe  
  18  1:01  Probe  
  18  1:03  Pylon  
  19  1:23  Probe  
  20  1:40  Zealot  
  20  1:44  Cybernetics Core  
  20  1:46  Gateway  
  22  1:48  Assimilator  
  22  1:59  Zealot  
  22  2:05  Pylon  
  24  2:20  Warp Gate  
  24  2:25  Zealot  
  26  2:35  Zealot  
  28  2:45  Pylon  
  28  2:50  Zealot  
  30  3:02  Zealot  
  32  3:09  Zealot  
  34  3:29  Stalker, Pylon  
  36  3:37  Probe  
  36  3:39  Stalker  
  39  3:49  Probe  
  39  3:54  Stalker  
  40  3:59  Forge  
  40  4:01  Probe  
  43  4:13  Probe  
  44  4:17  Adept  
  44  4:19  Pylon  
  46  4:25  Probe  
  47  4:32  Adept  
  47  4:38  Probe  
  50  4:56  Probe  
  50  6:19  Protoss Ground Weapons Level 1  
  50  6:28  Sentry  
  50  6:29  Probe  
  50  6:32  Gateway  
  53  6:38  Pylon  
  53  6:39  Sentry  
  55  6:41  Probe  
  55  6:43  Photon Cannon  
  56  6:48  Photon Cannon  
  56  6:50  Stalker  
  56  6:51  Robotics Facility  
  56  6:53  Stargate  
  58  6:57  Twilight Council  
  58  7:00  Forge  
  58  7:03  Sentry  
  58  7:04  Pylon  
  60  7:14  Stalker  
  62  7:25  Sentry  
  64  7:32  Protoss Ground Armor Level 1  
  64  7:35  Blink  
  64  7:36  Stalker  
  66  7:40  Observer  
  67  8:02  Observer  
  68  8:11  Probe  
  68  9:02  Observer  
Show
View Real Time Build Order
Export as new Build Order

IA (Más difícil) Terran 

Build Orders:  

Get SALT Encoding   

  12  0:01  SCV  
  13  0:13  SCV  
  14  0:19  Supply Depot  
  14  0:25  SCV  
  15  0:40  SCV  
  16  0:47  Barracks  
  16  0:48  Refinery  
  16  0:53  SCV  
  17  1:05  SCV  
  18  1:17  SCV  
  19  1:20  Supply Depot  
  19  1:29  SCV  
  20  1:34  Marine  
  21  1:41  Barracks  
  21  1:42  Orbital Command  
  21  1:47  Refinery  
  21  1:53  Barracks Tech Lab  
  21  2:06  Supply Depot  
  21  2:11  Marine  
  22  2:28  Marine  
  25  2:30  Marauder  
  25  2:41  Supply Depot  
  25  2:45  Marine  
  25  2:50  Marine  
  27  3:01  SCV  
  27  3:03  Marine  
  29  3:09  Marauder  
  29  3:12  Engineering Bay  
  31  3:13  SCV  
  32  3:21  Marine  
  32  3:25  Supply Depot, SCV  
  34  3:30  Marauder  
  36  3:37  SCV  
  37  3:49  SCV  
  37  3:51  Marauder  
  40  4:01  SCV  
  41  4:13  Marauder, SCV  
  44  4:26  SCV  
  45  4:34  Marauder  
  47  4:46  Barracks Tech Lab  
  47  4:48  Stimpack  
  47  4:50  Factory  
  47  4:53  Factory  
  47  4:56  Supply Depot  
  47  4:58  Marine  
  48  5:04  Concussive Shells  
  48  5:21  Terran Infantry Weapons Level 1  
  48  5:35  Factory Tech Lab  
  48  5:39  Starport  
  48  5:43  Missile Turret  
  48  5:46  Combat Shield  
  48  5:47  Marine  
  48  5:48  Factory Tech Lab, Missile Turret  
  48  5:53  Starport  
  48  5:55  Siege Tank  
  51  6:02  SCV  
  51  6:08  Siege Tank  
  54  6:19  Barracks, Starport Tech Lab  
  54  6:25  Bunker  
  54  6:28  Siege Tank  
  54  6:31  Supply Depot, Starport Tech Lab  
  57  6:47  Cyclone  
  60  7:15  Terran Infantry Armor Level 1  
  60  7:24  Raven  
  62  8:02  Raven  
  64  8:05  Supply Depot  
  64  8:24  Sensor Tower  
  64  8:41  Armory  
  64  8:45  Marine  
  65  8:49  Barracks Reactor  
  65  9:18  Factory  
  65  9:26  Marine, SCV  
  66  9:39  Starport  
  66  9:53  Engineering Bay  
  66  10:02  Factory Tech Lab  
  66  10:09  Ghost Academy  
  66  10:16  Starport Reactor  
  69  10:38  Supply Depot  
Tags
 
Add a new tag
Caveats
  • Supply blocks, unpowered buildings, or Contaminate may cause inaccurate times.
  • Supply counts are checked every 10 seconds.